 Dungeon Crawl Stone Soup version 0.20.0-1-g1cb1d84 (webtiles) character file.

120494 inmateoo the Severer (level 16, -3/112 HPs)
             Began as a Gargoyle Fighter on May 26, 2017.
             Was the Champion of Okawaru.
             Splashed by a lich's acid (11 damage)
             ... on level 1 of the Depths.
             The game lasted 00:36:03 (23192 turns).

inmateoo the Severer (Gargoyle Fighter)            Turns: 23192, Time: 00:36:04

Health: -3/112     AC: 32    Str: 24    XL:     16   Next: 82%
Magic:  15/15      EV: 12    Int: 16    God:    Okawaru [******]
Gold:   242        SH:  7    Dex: 16    Spells: 18/25 levels left

rFire    + . .     SeeInvis +   M - +12 war axe of Honesty {flame, +Inv rElec SInv}
rCold    + . .     Gourm    +   V - +0 buckler "Emieni" {Dex+4}
rNeg     + . .     Faith    .   F - +1 chain mail {MR+}
rPois    ∞         Spirit   .   a - +0 helmet
rElec    +         Reflect  .   t - +1 cloak
rCorr    .         Harm     .   D - +1 pair of gloves
MR       +++..     Rnd*Rage +   Y - +0 pair of boots {Fly}
Stlth    ..........             B - amulet of Idwalik {Gourm rPois MP-9 Int+4 Dex+3}
Regen    0.3/turn               l - ring of protection from magic
MPRegen  0.2/turn               v - ring of protection from fire

@: about to teleport, corroded, flying
A: big wings, molten scales 1, berserk 2, blink, cold resistance 1, negative
energy resistance 1, robust 1, screaming 2, shaggy fur 1, electricity
resistance, unbreathing, petrification resistance, rot immunity, subdued magic
1, AC +11
a: Stop Flying, Blink, Heroism, Finesse, Renounce Religion, Evoke Invisibility


You were on level 1 of the Depths.
You worshipped Okawaru.
Okawaru was exalted by your worship.
You were hungry.

You visited 4 branches of the dungeon, and saw 24 of its levels.
You also visited: Ice Cave and Volcano.

You collected 2520 gold pieces.
You spent 2278 gold pieces at shops.

Inventory:

Hand Weapons
 k - a +3 broad axe of protection
 M - the +12 war axe of Honesty (weapon) {flame, +Inv rElec SInv}
   (You bought it in a shop on level 1 of the Depths)

   It has been specially enchanted to burn those struck by it, causing extra
   injury to most foes and up to half again as much damage against particularly
   susceptible opponents.
   Big, fiery blades are also staple armaments of hydra-hunters.
   It insulates you from electricity.
   It lets you see invisible.
   It lets you turn invisible.
Armour
 a - a +0 helmet (worn)
 t - a +1 cloak (worn)
 u - a +0 large shield
 D - a +1 pair of gloves (worn)
 F - a +1 chain mail of magic resistance (worn)
 V - the +0 buckler "Emieni" (worn) {Dex+4}
   (Okawaru gifted it to you on level 5 of the Lair of Beasts)

   It affects your dexterity (+4).
 Y - a +0 pair of boots of flying (worn)
Jewellery
 b - an uncursed ring of protection from cold
 l - a ring of protection from magic (left hand)
 v - a ring of protection from fire (right hand)
 B - the amulet of Idwalik (around neck) {Gourm rPois MP-9 Int+4 Dex+3}
   (You found it on level 6 of the Dungeon)

   [amulet of the gourmand]

   It allows you to eat raw meat even when not hungry.
   It affects your intelligence (+4).
   It affects your dexterity (+3).
   It protects you from poison.
   It affects your magic capacity (-9).
 P - an uncursed amulet of the gourmand {unknown}
 X - an uncursed ring of see invisible
Wands
 q - a wand of confusion (22/48)
 I - a wand of paralysis (15/24)
 K - a wand of paralysis (24/24)
 L - a wand of confusion (29/48)
 R - a wand of acid (4/15)
Scrolls
 c - 12 scrolls of remove curse
 g - a scroll of fear
 m - 3 scrolls of amnesia
 n - 3 scrolls of magic mapping
 w - 2 scrolls of enchant armour
 y - 4 scrolls of recharging
 z - 6 scrolls of teleportation
 H - a scroll of fog
Potions
 d - 2 potions of might
 e - 5 potions of agility
 i - 3 potions of heal wounds
 j - 7 potions of brilliance
 o - 5 potions of magic
 r - 11 potions of curing
 s - 8 potions of haste
 x - 2 potions of cancellation
 C - 2 potions of resistance
 G - 2 potions of invisibility
 J - 4 potions of lignification
 N - 3 potions of berserk rage
 Q - a potion of ambrosia
 T - 2 potions of mutation
Comestibles
 f - 14 bread rations
 h - 15 meat rations
 p - 19 royal jellies
 A - 2 fruits


   Skills:
 + Level 12.3 Fighting
 * Level 17.2 Axes
 + Level 12.4 Armour
 + Level 5.6 Dodging
 + Level 12.5 Shields
 + Level 5.4 Spellcasting
 - Level 9.8 Invocations


You had 18 spell levels left.
You knew the following spells:

 Your Spells              Type           Power        Failure   Level  Hunger
a - Passwall              Tmut/Erth      #.........   67%         2    #......
b - Lee's Rapid Deconstr  Erth           #.........   100%        5    ######.


Dungeon Overview and Level Annotations

Branches:
Dungeon (15/15)            Temple (0/1) D:6            Lair (6/6) D:10
  Swamp (0/4) Lair:3       Spider (0/4) Lair:4        Slime (0/5) Lair:6
    Orc (2/2) D:11            Elf (0/3) Orc:2        Vaults (0/5) D:13
 Depths (1/5) D:15

Altars:
Elyvilon
Fedhas
Okawaru
Qazlal
Sif Muna
Vehumet
The Shining One
Beogh
Jiyva

Shops:
D:4 *}   D:11 *   Orc:2 *!:[=   Depths:1 (:*

Annotations:
D:5 exclusion: statue
D:14 exclusion: Roxanne, Agnes, Roxanne


Innate Abilities, Weirdness & Mutations

You are resistant to torment.
Your stone body is resilient. (AC +11)
You are immune to poison.
Your large and strong wings let you fly indefinitely.
You resist negative energy. (rN+)
You are resistant to electric shocks. (rElec)
You can survive without breathing.
You are immune to petrification.
You are immune to rotting.
You are partially covered in molten scales. (AC +2)
You often lose your temper in combat.
You can translocate small distances at will.
Your flesh is cold resistant. (rC+)
You are robust. (+10% HP)
You sometimes yell uncontrollably at your foes.
You are covered in fur. (AC +1)
Your spells are a little easier to cast, but a little less powerful.


Message History

* * * LOW HITPOINT WARNING * * *
You block the lich's attack.
You feel much better.
The lich points at you and mumbles some strange words.
The bolt of acid hits you!
* * * LOW HITPOINT WARNING * * *
You are splashed with acid!
The acid burns!
* * * LOW HITPOINT WARNING * * *
You feel much better.
The lich touches you but does no damage.
The lich barely misses you.
As you read the scroll of teleportation, it crumbles to dust.
You feel strangely unstable.
The lich touches you but does no damage.
The lich touches you but does no damage.
The lich casts a spell at you. The bolt of acid hits you!
* * * LOW HITPOINT WARNING * * *
You are splashed with acid!
The acid burns!
You die...

....... ........#
.........# #.# ..........'
#.# #.........# #.#
#.........# #.#
#.........#### #.#
#........L@..# #.#
#.......(.##.####.#
#.......(.##...♣..#
#......(..'..♣.∩.♣#
#.....(...##...♣##
####...)()...####.#
'.......))...####.##
#.......)......##..########
.............#.###........#


You could see a lich.

Vanquished Creatures
  A stone giant (Depths:1)
  4 spark wasps (Depths:1)
  A white draconian (IceCv)
  Snorg (Lair:6)
  A blizzard demon (Depths:1)
  A vault guard (D:13)
  Harold (D:11)
  3 ice dragons (Depths:1)
  11 hydras
  3 catoblepae (Lair:6)
  2 centaur warriors
  22 two-headed ogres
  3 ogre magi
  A tengu warrior (D:12)
  10 death yaks
  An iron troll (Orc:2)
  A hell knight (Volcano)
  4 skeletal warriors
  A golden dragon zombie (Depths:1)
  An unseen horror (shapeshifter) (D:15)
  A deep troll (Orc:2)
  A glowing orange brain (D:15)
  An unseen horror (D:13)
  Pikel (D:6)
  3 orc knights
  A necromancer (Depths:1)
  6 manticores
  An orc sorcerer (Orc:2)
  A wolf spider (Lair:4)
  A deep elf mage (D:13)
  A salamander (shapeshifter) (Depths:1)
  A manticore (shapeshifter) (D:15)
  5 cyclopes
  3 black mambas (Lair:6)
  A stone giant skeleton (Depths:1)
  5 ugly things
  12 elephants
  3 ice statues
  10 spiny frogs
  A torpor snail (shapeshifter) (D:15)
  A gargoyle (D:14)
  3 komodo dragons
  A rime drake (shapeshifter) (D:15)
  A freezing wraith (Depths:1)
  4 yaktaurs (Depths:1)
  6 rime drakes
  An efreet (D:14)
  2 ice devils (Depths:1)
  A yaktaur skeleton (Depths:1)
  10 trolls
  A tengu conjurer (Depths:1)
  A troll (shapeshifter) (D:15)
  2 jumping spiders (Lair:4)
  23 polar bears
  A wind drake (shapeshifter) (D:15)
  A raiju (shapeshifter) (D:15)
  3 hornets
  7 dream sheep (Lair:5)
  2 meliai zombies
  17 blink frogs
  9 slime creatures
  16 hippogriffs
  2 shadows
  13 wyverns
  45 yaks
  2 wraiths
  2 vampires
  6 basilisks
  Grum (D:8)
  3 hungry ghosts
  8 vampire mosquitoes
  A steam dragon (D:9)
  Edmund (D:5)
  A soldier ant (D:9)
  2 wargs
  A hell hound (Lair:5)
  7 water moccasins
  An acid dragon (D:15)
  12 porcupines
  14 orc warriors
  6 ice beasts
  4 sky beasts
  A necrophage (D:12)
  3 phantoms
  2 black bears
  31 wolves
  4 centaurs
  25 ogres
  2 eyes of draining
  14 crocodiles
  2 big kobolds
  13 bullfrogs
  A wyvern skeleton (D:14)
  3 scorpions
  12 killer bees
  A tengu zombie (Depths:1)
  A wight (D:14)
  5 crimson imps
  A quasit (D:9)
  2 centaur zombies
  A bullfrog zombie (D:6)
  2 centaur skeletons
  A jelly (D:6)
  12 orc priests
  4 hounds
  13 orc wizards
  A bullfrog skeleton (D:13)
  2 iguanas
  4 worker ants
  A killer bee zombie (D:6)
  A hound skeleton (D:6)
  7 gnolls
  12 adders
  7 shadow imps
  A white imp (Depths:1)
  An adder zombie (D:7)
  An adder skeleton (D:9)
  2 worms
  A dart slug (D:2)
  7 leopard geckos
  45 orcs
  6 bats
  7 giant cockroaches
  7 goblins
  6 hobgoblins
  25 jackals
  5 quokkas
  3 ball pythons
  4 frilled lizards
  10 kobolds
  A leopard gecko skeleton (D:8)
  A quokka skeleton (D:8)
  A quokka zombie (D:6)
  5 rats
  2 fungi
  A plant (Lair:3)
710 creatures vanquished.

Vanquished Creatures (others)
  2 polar bears
  2 wolves (IceCv)
  An adder skeleton (D:6)
  A jackal (D:9)
  4 fungi
  2 plants
12 creatures vanquished.

Grand Total: 722 creatures vanquished

Notes
Turn   | Place    | Note
-------+----------+-------------------------------------------
     0 | D:1      | inmateoo the Gargoyle Fighter began the quest for the Orb.
     0 | D:1      | Reached XP level 1. HP: 14/14 MP: 1/1
    72 | D:1      | Reached skill level 2 in Axes
   140 | D:1      | Reached XP level 2. HP: 19/19 MP: 2/2
   475 | D:1      | Reached skill level 3 in Axes
   661 | D:2      | Reached XP level 3. HP: 21/23 MP: 3/3
   911 | D:2      | Found a deep blue altar of Sif Muna.
  1050 | D:2      | Reached XP level 4. HP: 28/28 MP: 4/4
  1241 | D:3      | Reached skill level 4 in Axes
  1483 | D:3      | Found an iron altar of Okawaru.
  1489 | D:3      | Became a worshipper of Warmaster Okawaru
  1719 | D:3      | Reached XP level 5. HP: 30/32 MP: 5/5
  1876 | D:4      | Found Hogg's General Store.
  1888 | D:4      | Bought a potion of heal wounds for 60 gold pieces
  1913 | D:4      | Noticed an ogre
  2164 | D:4      | Found Arona's Gadget Shop.
  2528 | D:4      | Found a stormy altar of Qazlal.
  2692 | D:5      | Entered Level 5 of the Dungeon
  2948 | D:5      | Reached XP level 6. HP: 26/38 MP: 6/6
  3108 | D:5      | Noticed Edmund
  3126 | D:5      | Killed Edmund
  3126 | D:5      | Reached * piety under Okawaru
  3126 | D:5      | Reached skill level 5 in Axes
  3179 | D:5      | Reached XP level 7. HP: 21/44 MP: 7/7
  3488 | D:5      | Found a radiant altar of Vehumet.
  3610 | D:6      | Found a staircase to the Ecumenical Temple.
  3624 | D:6      | Got a bloodstained trident
  3628 | D:6      | Identified the cursed +0 trident of the Inferno {pain, Str+8} (You found it on level 6 of the Dungeon)
  3863 | D:6      | Found a glowing golden altar of the Shining One.
  3863 | D:6      | Found a blossoming altar of Fedhas.
  4012 | D:6      | Got a scorched pewter amulet
  4018 | D:6      | Identified the amulet of Idwalik {Gourm rPois MP-9 Int+4 Dex+3} (You found it on level 6 of the Dungeon)
  4077 | D:6      | Noticed Pikel
  4087 | D:6      | Killed Pikel
  4087 | D:6      | Reached skill level 5 in Fighting
  4087 | D:6      | Reached skill level 6 in Axes
  4087 | D:6      | Reached skill level 5 in Armour
  4087 | D:6      | Reached skill level 5 in Shields
  4087 | D:6      | Reached XP level 8. HP: 41/49 MP: 0/9
  4543 | D:7      | Reached ** piety under Okawaru
  5087 | D:7      | Reached skill level 12 in Axes
  5087 | D:7      | Reached XP level 9. HP: 55/55 MP: 2/11
  5393 | D:8      | Reached XP level 10. HP: 48/60 MP: 3/12
  5938 | D:9      | Reached *** piety under Okawaru
  5961 | D:9      | Noticed Grum
  6174 | D:8      | Killed Grum
  6633 | D:9      | Reached **** piety under Okawaru
  6954 | D:10     | Entered Level 10 of the Dungeon
  7022 | D:10     | Reached XP level 11. HP: 61/66 MP: 5/14
  7046 | D:10     | Found a staircase to the Lair.
  7103 | D:10     | Noticed a manticore
  7114 | D:10     | Killed a manticore
  7139 | D:10     | Reached skill level 5 in Invocations
  7211 | D:10     | Reached ***** piety under Okawaru
  7213 | D:10     | Reached skill level 13 in Axes
  7501 | D:11     | Received a gift from Okawaru
  7517 | D:11     | Noticed a two-headed ogre
  7525 | D:11     | Killed a two-headed ogre
  7618 | D:11     | Noticed a purple ugly thing
  7641 | D:11     | Killed a purple ugly thing
  7652 | D:11     | Found a frozen archway.
  7664 | D:11     | Received a gift from Okawaru
  7792 | IceCv    | Entered an ice cave
  8468 | IceCv    | Reached XP level 12. HP: 57/73 MP: 7/16
  8802 | IceCv    | Received a gift from Okawaru
  9264 | IceCv    | Noticed a white draconian
  9264 | IceCv    | Noticed a death yak
  9288 | IceCv    | Killed a death yak
  9288 | IceCv    | Received a gift from Okawaru
  9308 | IceCv    | Killed a white draconian
  9308 | IceCv    | Reached skill level 14 in Axes
  9350 | IceCv    | Got an encrusted falchion {god gift}
  9354 | IceCv    | Identified the +1 falchion of Zost {chaos, rF+ rN+ Str+3} (Okawaru gifted it to you in an ice cave)
  9572 | D:11     | Noticed a two-headed ogre
  9578 | D:11     | Killed a two-headed ogre
  9587 | D:11     | Noticed Harold
  9619 | D:11     | Killed Harold
  9943 | D:11     | Noticed a two-headed ogre
  9951 | D:11     | Killed a two-headed ogre
 10040 | D:11     | Noticed a two-headed ogre
 10057 | D:11     | Killed a two-headed ogre
 10236 | D:11     | Noticed a two-headed ogre
 10244 | D:11     | Killed a two-headed ogre
 10244 | D:11     | Received a gift from Okawaru
 10244 | D:11     | Reached XP level 13. HP: 80/80 MP: 9/18
 10261 | D:11     | Got a crude hand axe {god gift}
 10262 | D:11     | Identified the +4 hand axe of Idacec {chop, *Contam rElec rPois} (Okawaru gifted it to you on level 11 of the Dungeon)
 10336 | D:11     | Reached ****** piety under Okawaru
 10342 | D:11     | Found Quoffiw's General Store.
 10344 | D:11     | Found a staircase to the Orcish Mines.
 10359 | D:11     | Bought a scroll of vulnerability for 120 gold pieces
 10412 | D:11     | Found a roughly hewn altar of Beogh.
 10666 | D:12     | Gained mutation: Your muscles are strong. (Str +2) [mutagenic meat]
 10667 | D:12     | Gained mutation: You are dopey. (Int -2) [mutagenic meat]
 10668 | D:12     | Gained mutation: You can translocate small distances at will. [mutagenic meat]
 10669 | D:12     | Gained mutation: You evolve. [mutagenic meat]
 10670 | D:12     | Gained mutation: You are covered in fur. (AC +1) [mutagenic meat]
 10671 | D:12     | Gained mutation: Your magical capacity is low. (-10% MP) [mutagenic meat]
 10893 | D:12     | Gained mutation: Your spells are a little easier to cast, but a little less powerful. [evolution]
 11768 | D:13     | Noticed a vault guard
 11788 | D:13     | Killed a vault guard
 11788 | D:13     | Received a gift from Okawaru
 11810 | D:13     | Found a gate to the Vaults.
 12070 | D:14     | Learned a level 2 spell: Passwall
 12076 | D:14     | Learned a level 5 spell: Lee's Rapid Deconstruction
 12188 | D:13     | Reached skill level 15 in Axes
 12198 | D:14     | Gained mutation: Your natural rate of healing is unusually fast. [evolution]
 12650 | D:14     | Noticed Roxanne
 12770 | D:14     | Reached skill level 10 in Armour
 12801 | D:14     | Reached skill level 10 in Fighting
 12873 | D:14     | Noticed Agnes
 13085 | Lair:1   | Entered Level 1 of the Lair of Beasts
 13307 | Lair:1   | Reached skill level 10 in Shields
 13495 | Lair:1   | Gained mutation: Your large and strong wings let you fly indefinitely. [Gargoyle growth]
 13495 | Lair:1   | Reached XP level 14. HP: 88/88 MP: 9/18
 14794 | Lair:2   | Received a gift from Okawaru
 14944 | Lair:3   | Found a staircase to the Swamp.
 15647 | Lair:4   | Reached skill level 1 in Dodging
 16005 | Lair:4   | Found a hole to the Spider Nest.
 16504 | Lair:5   | Received a gift from Okawaru
 16518 | Lair:5   | Got a warped buckler {god gift}
 16531 | Lair:5   | Identified the +0 buckler "Emieni" {Dex+4} (Okawaru gifted it to you on level 5 of the Lair of Beasts)
 17188 | Lair:6   | Entered Level 6 of the Lair of Beasts
 17311 | Lair:6   | Reached skill level 1 in Spellcasting
 17313 | Lair:6   | Reached XP level 15. HP: 81/94 MP: 9/20
 17338 | Lair:6   | Noticed Snorg
 17355 | Lair:6   | Reached skill level 16 in Axes
 17358 | Lair:6   | Killed Snorg
 17376 | Lair:6   | Received a gift from Okawaru
 17964 | Lair:6   | Found a staircase to the Slime Pits.
 17986 | Lair:6   | Found a viscous altar of Jiyva.
 18672 | Orc:1    | Entered Level 1 of the Orcish Mines
 19014 | Orc:2    | Entered Level 2 of the Orcish Mines
 19063 | Orc:2    | Found a staircase to the Elven Halls.
 19084 | Orc:2    | Gained mutation: Your flesh is cold resistant. (rC+) [evolution]
 19084 | Orc:2    | Lost mutation: You evolve. [end of evolution]
 19085 | Orc:2    | Found Joqok's Jewellery Shoppe.
 19092 | Orc:2    | Bought an uncursed ring of see invisible for 255 gold pieces
 19216 | Orc:2    | Found a dark tunnel.
 19225 | Volcano  | Entered a volcano
 19244 | Volcano  | Found a burning altar of Makhleb.
 19398 | Orc:2    | Received a gift from Okawaru
 19427 | Orc:2    | Reached XP level 16. HP: 101/101 MP: 8/21
 19454 | Orc:2    | Found Kurhudyu's Distillery.
 19455 | Orc:2    | Found Cemyrph's Armour Shoppe.
 19479 | Orc:2    | Found Kegoemm's General Store.
 19508 | Orc:2    | Received a gift from Okawaru
 20076 | Orc:2    | Found Tiosanni's Book Emporium.
 20079 | Orc:2    | Bought a potion of heal wounds for 60 gold pieces
 20195 | Orc:2    | Bought a potion of cancellation for 112 gold pieces
 20195 | Orc:2    | Bought a potion of heal wounds for 70 gold pieces
 20195 | Orc:2    | Bought a potion of haste for 140 gold pieces
 20195 | Orc:2    | Bought a potion of heal wounds for 70 gold pieces
 20195 | Orc:2    | Bought a potion of curing for 42 gold pieces
 20195 | Orc:2    | Bought a potion of haste for 140 gold pieces
 20195 | Orc:2    | Bought a potion of curing for 42 gold pieces
 20687 | D:15     | Entered Level 15 of the Dungeon
 20712 | D:15     | Found a white marble altar of Elyvilon.
 21072 | D:15     | Reached skill level 5 in Dodging
 21077 | D:15     | Lost mutation: Your natural rate of healing is unusually fast. [mutagenic meat]
 21078 | D:15     | Gained mutation: You are robust. (+10% HP) [mutagenic meat]
 21079 | D:15     | Gained mutation: You occasionally shout uncontrollably at your foes. [mutagenic meat]
 21520 | D:15     | Lost mutation: Your muscles are strong. (Str +2) [mutagenic meat]
 21521 | D:15     | Gained mutation: You sometimes yell uncontrollably at your foes. [mutagenic meat]
 21836 | D:15     | Lost mutation: You are dopey. (Int -2) [mutagenic meat]
 21837 | D:15     | Gained mutation: Your muscles are strong. (Str +2) [mutagenic meat]
 21839 | D:15     | Gained mutation: You tend to lose your temper in combat. [mutagenic meat]
 21854 | D:15     | Found a staircase to the Depths.
 21870 | D:15     | Gained mutation: You are partially covered in molten scales. (AC +2) [mutagenic meat]
 21871 | D:15     | Lost mutation: Your muscles are strong. (Str +2) [mutagenic meat]
 21872 | D:15     | Lost mutation: Your spells are a little easier to cast, but a little less powerful. [mutagenic meat]
 22034 | Depths:1 | Entered Level 1 of the Depths
 22123 | Depths:1 | Found Qotaxube's Weapon Boutique.
 22151 | Depths:1 | Reached skill level 5 in Spellcasting
 22157 | Depths:1 | Reached skill level 17 in Axes
 22187 | Depths:1 | Bought the +12 war axe of Honesty {flame, +Inv rElec SInv} for 1006 gold pieces
 22427 | Depths:1 | Gained mutation: You often lose your temper in combat. [mutagenic meat]
 22428 | Depths:1 | Gained mutation: Your spells are a little easier to cast, but a little less powerful. [mutagenic meat]
 22430 | Depths:1 | Lost mutation: Your magical capacity is low. (-10% MP) [mutagenic meat]
 22456 | Depths:1 | Found Poocwuf's Book Shop.
 22480 | Depths:1 | Received a gift from Okawaru
 22918 | Depths:1 | Found Zusk's General Store.
 22923 | Depths:1 | Bought a potion of heal wounds for 115 gold pieces
 22923 | Depths:1 | Bought a scroll of identify for 46 gold pieces
 23182 | Depths:1 | Noticed a lich
 23192 | Depths:1 | Splashed by a lich's acid

Skill      XL: |  1  2  3  4  5  6  7  8  9 10 11 12 13 14 15 16 |
---------------+-------------------------------------------------+-----
Axes           | 2 3 4 5 6 12 13 14 15 16 17 | 17.2
Fighting       | 4 5 6 7 8 10 11 12 | 12.3
Armour         | 4 5 6 8 9 10 11 12 | 12.4
Shields        | 4 5 6 7 9 10 11 12 | 12.5
Invocations    | 2 3 4 6 7 8 9 |  9.8
Dodging        | 2 4 5 |  5.6
Spellcasting   | 1 4 5 |  5.4

Action                   |  1- 3 |  4- 6 |  7- 9 | 10-12 | 13-15 | 16-18 || total
-------------------------+-------+-------+-------+-------+-------+-------++-------
Melee: War axe           |   133 |   174 |   169 |       |       |   106 ||   582
       Broad axe         |       |       |    15 |   703 |  1255 |   320 ||  2293
       Scimitar          |       |       |       |       |    69 |     5 ||    74
Invok: Heroism           |       |       |       |     6 |    19 |     7 ||    32
       Finesse           |       |       |       |       |     1 |       ||     1
 Abil: Fly               |       |       |       |       |     1 |     1 ||     2
       Stop Flying       |       |       |       |       |     1 |     1 ||     2
Evoke: Wand              |       |       |       |       |     1 |     2 ||     3
  Use: Scroll            |     9 |     3 |     7 |     8 |    11 |     4 ||    42
       Potion            |       |       |     3 |     1 |     4 |     7 ||    15
  Eat: Chunk             |       |     8 |     6 |    23 |    32 |    29 ||    98
       Royal jelly       |       |       |       |     1 |     2 |     1 ||     4
       Fruit             |       |       |       |     2 |     3 |       ||     5
Armor: Scale mail        |    89 |   102 |   100 |   432 |       |       ||   723
       Plate armour      |       |       |       |    57 |   229 |       ||   286
       Chain mail        |       |       |       |       |   729 |   243 ||   972
Dodge: Dodged            |    51 |    42 |    32 |   158 |   449 |   204 ||   936
Block: Shield            |    79 |    25 |       |       |       |       ||   104
       Large shield      |       |   114 |   152 |   707 |   769 |       ||  1742
       Buckler           |       |       |       |       |   203 |   152 ||   355
       Rpst.: Scimitar   |       |       |       |       |     6 |     1 ||     7
